 Dungeon Crawl Stone Soup version 0.30-a0-40-gc6d0f036a7 (webtiles) character file.

Game seed: 508935802835980930

37 porpoise the Poker (level 3, -1/29 HPs)
             Began as a Merfolk Gladiator on Aug 30, 2022.
             Slain by a gnoll
             ... wielding a +1 halberd of venom
              (11 damage)
             ... on level 2 of the Dungeon.
             The game lasted 00:02:45 (1440 turns).

porpoise the Poker (Merfolk Gladiator)              Turns: 1440, Time: 00:02:45

Health: -1/29      AC:  4    Str: 16    XL:     3   Next: 41%
Magic:  3/3        EV: 13    Int:  7    God:
Gold:   35         SH:  0    Dex: 15    Spells: 2/2 levels left

rFire   . . .      SeeInvis .    a - +0 trident
rCold   . . .      Faith    .    (no shield)
rNeg    . . .      Spirit   .    i - +0 leather armour
rPois   .          Reflect  .    c - +0 helmet
rElec   .          Harm     .    (no cloak)
rCorr   .          Rampage  .    (no gloves)
Will    .....                    (no boots)
Stlth   +.........               (no amulet)
HPRegen 0.09/turn                (no ring)
MPRegen 0.08/turn                (no ring)

@: lethally poisoned (-1 -> -7)
A: (nimble swimmer 2), mertail
a: no special abilities


You were on level 2 of the Dungeon.
You visited 1 branch of the dungeon, and saw 2 of its levels.

You collected 35 gold pieces.

Inventory:

Hand Weapons
 a - a +0 trident (weapon)
 b - a +0 sling
Missiles
 d - 3 throwing nets (quivered)
 e - a javelin
 f - 5 boomerangs
Armour
 c - a +0 helmet (worn)
 i - a +0 leather armour (worn)
Scrolls
 g - a scroll of fog {unknown}
 h - 2 scrolls of noise {unknown}
 l - a scroll of teleportation {unknown}
 m - a scroll of enchant armour {unknown}
Potions
 j - a potion of haste {unknown}
 k - a potion of heal wounds {unknown}


   Skills:
 + Level 3.2 Fighting
 + Level 5.0 Polearms
 - Level 2.0 Throwing
 - Level 4.0 Dodging


You had 2 spell levels left.
You didn't know any spells.
Your spell library was empty.

Dungeon Overview and Level Annotations

Branches:
Dungeon (2/15)

Altars:


Innate Abilities, Weirdness & Mutations

((You are very nimble when in or above water. (Stealth+, EV+, Speed+++)))
Your lower body shifts to a powerful aquatic tail in water.


Message History

You kill the ball python!
No target in view!
Found an escape hatch in the floor.
An adder comes into view.
Found a scroll labelled XEOREM SOILA.
Found a stone staircase leading down.
The adder hisses angrily.
A gnoll comes into view. It is wielding a +0 club.
You reach to attack!
The gnoll shouts!
You puncture the adder!
The adder is severely wounded.
You hear a shout!
A gnoll comes into view. It is wielding a +1 halberd of venom.
You miss the adder.
The adder is severely wounded.
The adder bites you. x2
You hit the adder but do no damage.
The adder is severely wounded.
The adder bites you but does no damage.
You hit the adder. Your punch misses the adder.
The adder is almost dead.
The adder bites you but does no damage.
You barely miss the adder.
The adder is almost dead.
The adder misses you. The adder completely misses you.
You closely miss the adder.
The adder is almost dead.
The adder closely misses you.
You miss the adder.
The adder is almost dead.
The adder closely misses you. The gnoll hits you with a +0 club.
The gnoll hits you from afar with a +1 halberd of venom.
You are poisoned.
The adder closely misses you.
You closely miss the adder.
The adder is almost dead.
You feel sick. The gnoll hits you with a +0 club.
The gnoll hits you from afar with a +1 halberd of venom!
You die...

###
....##########
#............#
........####.#
###.###.####.###
#........#
#.@###.#.# #gS#
#.#.# #.g# #.#.#
#..# #.#.# #..#
#.#.# #..?
..#.##########
##>#
#.#...........
#.# ############


You could see 2 gnolls and an adder.

Vanquished Creatures
  A dart slug (D:1)
  5 ball pythons
  3 endoplasms (D:2)
  3 giant cockroaches
  3 goblins
  3 hobgoblins
  2 kobolds (D:2)
  3 quokkas
  5 bats
  A frilled lizard (D:1)
29 creatures vanquished.

Notes
Turn   | Place    | Note
-------+----------+-------------------------------------------
     0 | D:1      | porpoise the Merfolk Gladiator began the quest for the Orb.
     0 | D:1      | Reached XP level 1. HP: 16/16 MP: 1/1
   212 | D:1      | Reached XP level 2. HP: 11/23 MP: 2/2
   397 | D:1      | Found a faded altar of an unknown god.
  1015 | D:2      | Reached XP level 3. HP: 29/29 MP: 3/3
  1289 | D:2      | Reached skill level 5 in Polearms
  1440 | D:2      | Slain by a gnoll

Illustrated notes

Levels and vault maps discovered:
D:1:      matt_arrival_spirals, layout_loops_cross,
          shapermc_ecumenical_altar_mp_urbaneastern
D:2:      layout_loops_ring, basic_altar, uniq_terence

Skill      XL: |  1  2  3 |
---------------+----------+-----
Fighting       | 3 |  3.2
Polearms       | 5 |  5.0
Throwing       | |  2.0
Dodging        | |  4.0

Action                   || total
-------------------------++-------
Melee: Trident           ||   101
 Stab: Sleeping          ||     5
Armor: Leather armour    ||    29
Dodge: Dodged            ||    55

Table legend: (Time is in decaauts)
 A = Elapsed time spent in this place.
 B = Non-inter-level travel time spent in this place.
 C = Inter-level travel time spent in this place.
 D = Time resting spent in this place.
 E = Time spent auto-exploring this place.
 F = Levels seen in this place.
 G = Mean time per level.
                   A        B        C        D        E       F      G
               +--------+--------+--------+--------+--------+-----+--------+
         Total |   1446 |   1397 |     49 |    371 |    819 |   2 |  723.0 |
       Dungeon |   1446 |   1397 |     49 |    371 |    819 |   2 |  723.0 |
               +--------+--------+--------+--------+--------+-----+--------+

Top non-repeatable levels by time:
     D:1: 1002 daAuts
     D:2: 443 daAuts
